 Dungeon Crawl Stone Soup version 0.27-a0-103-g6cd7b45605 (webtiles) character file.

Game seed: 14208297578040675822

1446 knot the Chopper (level 8, 24/58 HPs)
             Began as a Demonspawn Berserker on Jan 24, 2021.
             Was a Priest of Trog.
             Quit the game on level 5 of the Dungeon.
             The game lasted 00:09:23 (5980 turns).

knot the Chopper (Demonspawn Berserker)             Turns: 5980, Time: 00:09:23

Health: 24/58      AC:  6    Str: 18    XL:     8   Next: 46%
Magic:  17/17      EV: 11    Int: 10    God:    Trog [***...]
Gold:   92         SH:  0    Dex:  9    Spells: 7/7 levels left

rFire    . . .     SeeInvis .   x - +6 mace of Guywogux {vamp, rElec rC+ Will+ Dex-4}
rCold    + . .     Faith    .   (no shield)
rNeg     + . .     Spirit   .   r - +0 scale mail
rPois    .         Reflect  .   (helmet restricted)
rElec    +         Harm     .   (no cloak)
rCorr    .         Rampage  .   (no gloves)
Will     +....                  (no boots)
Stlth    ..........             (no amulet)
HPRegen  0.19/turn              h - ring of magical power
MPRegen  0.15/turn              t - ring of positive energy

@: no status effects
A: hooves 1, horns 1, demonic guardian 1, mutation resistance 1, powered by
death 1, sturdy frame 2
a: Renounce Religion, Berserk, Trog's Hand


You were on level 5 of the Dungeon.
You worshipped Trog.
Trog was most pleased with you.
You visited 1 branch of the dungeon, and saw 5 of its levels.

You collected 322 gold pieces.
You spent 230 gold pieces at shops.

Inventory:

Hand Weapons
 x - the +6 mace of Guywogux (weapon) {vamp, rElec rC+ Will+ Dex-4}
   (You found it on level 4 of the Dungeon)

   It inflicts no extra harm, but heals its wielder when it wounds a living foe.
   It affects your dexterity (-4).
   It protects you from cold.
   It insulates you from electricity.
   It affects your willpower, your defense against some magical effects.
Missiles
 f - 8 poisoned darts (quivered)
 g - 207 stones
 v - 40 sling bullets
Armour
 r - a +0 scale mail (worn)
 A - the +4 ring mail of Picoad {rF- rCorr Str-2 Dex+4}
   (You bought it in a shop on level 4 of the Dungeon)

   It affects your strength (-2).
   It affects your dexterity (+4).
   It makes you vulnerable to fire.
   It provides partial protection from all sources of acid and corrosion.
Jewellery
 b - an uncursed ring of magical power
 h - a ring of magical power (left hand)
 t - a ring of positive energy (right hand)
 w - an uncursed ring of positive energy
Wands
 y - a wand of flame (14)
 C - a wand of digging (2)
Scrolls
 d - 2 scrolls of teleportation
 e - 2 scrolls of enchant armour {unknown}
 i - 3 scrolls of amnesia {unknown}
 j - 3 scrolls of fog
 k - a scroll of noise {unknown}
 m - a scroll of fear
 o - 4 scrolls of magic mapping {unknown}
 s - a scroll of enchant weapon {unknown}
 B - a scroll of remove curse {unknown}
 D - 2 scrolls of identify
Potions
 a - 3 potions of haste {unknown}
 c - 2 potions of flight {unknown}
 l - a potion of degeneration {unknown}
 n - 3 potions of heal wounds {unknown}
 p - 3 potions of curing {unknown}
 q - a potion of might {unknown}
 u - a potion of cancellation {unknown}
 z - a potion of brilliance


   Skills:
 - Level 3.0 Fighting
 * Level 7.5 Axes
 * Level 6.5 Throwing
 - Level 1.7 Armour
 - Level 1.7 Dodging


You had 7 spell levels left.
You didn't know any spells.
Your spell library was empty.

Dungeon Overview and Level Annotations

Branches:
Dungeon (5/15)
 Temple: D:4-7

Altars:
Ashenzari
Cheibriados
Elyvilon
Uskayaw
Xom

Shops:
D:4 *


Innate Abilities, Weirdness & Mutations

You have a pair of small horns on your head.
A weak demonic guardian rushes to your aid.
You regenerate a little health from kills.
Your movements are less encumbered by armour. (ER -4)
You have large cloven feet.
You are somewhat resistant to further mutation.


Message History

You thump Pikel!
You feel better.
Your kick misses Pikel.
Pikel is almost dead.
Pikel hits you with a +0 whip of electrocution.
You are too injured to fight recklessly!
You are too injured to fight recklessly!
You hit Pikel.
Pikel is almost dead.
Pikel hits you but does no damage.
You barely miss Pikel.
Pikel is almost dead.
Pikel hits you with a +0 whip of electrocution.
You hit Pikel.
You kill Pikel!
Trog accepts your kill.
Your Axes skill increases to level 7!
Your Throwing skill increases to level 6!
You have reached level 8!
You feel agile.
Your demonic ancestry asserts itself...
You feel the presence of a demonic guardian.
Are you sure you want to abandon this character and quit the game? (Confirm with "yes".)

...(≈ ... ...###.... ♣.((# (.##
.......... .. ..((#(..#
......... #...... ♣._.♣......#
.# ##....... .................#
..#.#........
....#≈..♣..≈#(..#..# ..........
...# ≈...≈≈#.....###.........#
#..###...###)###..........#..#
##......#.#.#@...#.##.....##..
##...5..#..##...######.#.......
#.<.5##.##.##....#.##..#.....##
##.........#...................
#..#####.............#........
#..#(((#...###.......#........
##.#..(#...#⌠#..[...........#.
##.#####...###..............#.
#...).................##......


There were no monsters in sight!

Vanquished Creatures
  Pikel (D:5)
  Sigmund (D:5)
  An ogre (D:4)
  2 phantoms (D:4)
  4 lemures
  A scorpion (D:4)
  A howler monkey (D:5)
  A hound (D:5)
  3 orc wizards
  Ijyb (D:5)
  A bullfrog skeleton (D:5)
  3 worker ants
  3 gnolls (D:4)
  8 adders
  A howler monkey skeleton (D:4)
  A shadow imp (D:5)
  A white imp (D:5)
  An ooze (D:2)
  2 adder skeletons
  2 dart slugs (D:1)
  A worm (D:2)
  5 leopard geckos
  9 orcs
  3 ball pythons
  4 giant cockroaches
  3 goblins
  8 hobgoblins
  8 jackals
  A quokka (D:3)
  10 bats
  7 frilled lizards
  A jackal skeleton (D:3)
  4 kobolds
  A quokka skeleton (D:5)
  7 rats
111 creatures vanquished.

Vanquished Creatures (others)
  A quokka (D:5)
  6 plants
7 creatures vanquished.

Grand Total: 118 creatures vanquished

Notes
Turn   | Place    | Note
-------+----------+-------------------------------------------
     0 | D:1      | knot the Demonspawn Berserker began the quest for the Orb.
     0 | D:1      | Reached XP level 1. HP: 18/18 MP: 1/1
    39 | D:1      | Reached skill level 3 in Axes
    51 | D:1      | Gained mutation: Your movements are slightly less
                  | encumbered by armour. (ER -2) [demonic ancestry]
    51 | D:1      | Reached XP level 2. HP: 11/24 MP: 2/2
  1070 | D:2      | Reached skill level 1 in Throwing
  1166 | D:2      | Reached XP level 3. HP: 29/29 MP: 3/3
  1416 | D:2      | Reached ** piety under Trog
  1896 | D:2      | Found a broken altar of Ashenzari.
  1901 | D:2      | Gained mutation: Your movements are less encumbered by
                  | armour. (ER -4) [demonic ancestry]
  1901 | D:2      | Reached XP level 4. HP: 35/35 MP: 4/4
  2068 | D:2      | Reached skill level 4 in Axes
  2068 | D:2      | Found a faded altar of an unknown god.
  3235 | D:3      | Reached XP level 5. HP: 41/41 MP: 5/5
  3829 | D:4      | Got a shimmering mace
  3840 | D:3      | Identified the +6 mace of Guywogux {vamp, rElec rC+ Will+
                  | Dex-4} (You found it on level 4 of the Dungeon)
  3871 | D:4      | Noticed a phantom
  3906 | D:4      | Killed a phantom
  3907 | D:4      | Reached skill level 5 in Axes
  3907 | D:4      | Gained mutation: You regenerate a little health from kills.
                  | [demonic ancestry]
  3907 | D:4      | Reached XP level 6. HP: 10/47 MP: 6/6
  4310 | D:4      | Gained mutation: You have a pair of small horns on your
                  | head. [demonic ancestry]
  4310 | D:4      | Reached XP level 7. HP: 37/52 MP: 7/7
  4455 | D:4      | Reached *** piety under Trog
  4739 | D:4      | Found Bosor's Assorted Antiques.
  4745 | D:4      | Bought a purple potion for 15 gold pieces
  4745 | D:4      | Bought a scroll labelled WUUVVI ZAANG for 17 gold pieces
  4745 | D:4      | Bought a buzzing ring mail for 153 gold pieces
  4745 | D:4      | Bought a murky puce potion for 15 gold pieces
  4745 | D:4      | Bought 2 purple potions for 30 gold pieces
  4747 | D:4      | Gained mutation: Scrolls take you a little longer to read.
                  | [potion of mutation]
  4747 | D:4      | Gained mutation: You are robust. (+10% HP) [potion of
                  | mutation]
  4747 | D:4      | Gained mutation: You are resistant to electric shocks.
                  | (rElec) [potion of mutation]
  4748 | D:4      | Lost mutation: Scrolls take you a little longer to read.
                  | [potion of mutation]
  4748 | D:4      | Lost mutation: You are robust. (+10% HP) [potion of
                  | mutation]
  4748 | D:4      | Lost mutation: You are resistant to electric shocks.
                  | (rElec) [potion of mutation]
  4748 | D:4      | Gained mutation: You have large cloven feet. [potion of
                  | mutation]
  4748 | D:4      | Gained mutation: You are somewhat resistant to further
                  | mutation. [potion of mutation]
  4750 | D:4      | Identified the +4 ring mail of Picoad {rF- rCorr Str-2
                  | Dex+4} (You bought it in a shop on level 4 of the Dungeon)
  4885 | D:5      | Entered Level 5 of the Dungeon
  4885 | D:5      | Found a hide-covered altar of Uskayaw.
  4885 | D:5      | Noticed a +0 dagger
  4885 | D:5      | Noticed a +0 dagger
  4893 | D:5      | Reached skill level 6 in Axes
  5087 | D:5      | Noticed Sigmund
  5112 | D:5      | Killed Sigmund
  5113 | D:5      | Reached skill level 5 in Throwing
  5331 | D:5      | Noticed Ijyb
  5343 | D:5      | Killed Ijyb
  5397 | D:5      | Found a snail-covered altar of Cheibriados.
  5487 | D:5      | Found a shimmering altar of Xom.
  5542 | D:5      | Noticed Pikel
  5543 | D:5      | Found a white marble altar of Elyvilon.
  5979 | D:5      | Killed Pikel
  5980 | D:5      | Reached skill level 7 in Axes
  5980 | D:5      | Gained mutation: A weak demonic guardian rushes to your
                  | aid. [demonic ancestry]
  5980 | D:5      | Reached XP level 8. HP: 24/58 MP: 8/8
  5980 | D:5      | Quit the game

Illustrated notes

Levels and vault maps discovered:
D:1:      nicolae_arrival_somewhat_less_tricky_arrival, layout_rooms
D:2:      cheibrodos_old_hovel, layout_basic, evilmike_ruin_ashenzari,
          chequers_ecumenical_altar_simple
D:3:      layout_loops_ring, patterned_corridor
D:4:      layout_basic, serial_shops, nicolae_shop_waterfront,
          roderic_roman_lattice, serial_bayou_pond_b
D:5:      layout_cave_pools, dancing_weapons_uskayaw,
          chequers_temple_overflow_statue_of_worship, serial_glass,
          glass_columns_a, glass_columns_c, due_unseen_surprise,
          item_on_display_a, item_on_display_a, feat_on_display,
          elyvilon_altar_4, uniq_ijyb, uniq_pikel, uniq_sigmund

Skill      XL: |  1  2  3  4  5  6  7 |
---------------+----------------------+-----
Axes           | 3 4 5 7 |  7.5
Throwing       | 1 2 3 4 6 |  6.5
Fighting       | |  3.0
Armour         | |  1.7
Dodging        | |  1.7

Action                   |  1- 3 |  4- 6 |  7- 9 || total
-------------------------+-------+-------+-------++-------
Melee: Hand axe          |   123 |   125 |       ||   248
       Mace              |       |    44 |    96 ||   140
       Kick              |       |       |    11 ||    11
       Headbutt          |       |       |    11 ||    11
Throw: Dart              |     1 |    24 |    33 ||    58
Invok: Berserk           |     2 |     1 |     1 ||     4
  Use: Scroll            |       |     3 |     2 ||     5
       Potion            |       |       |     4 ||     4
Armor: Animal skin       |    25 |       |       ||    25
       Scale mail        |    37 |    62 |    16 ||   115
Dodge: Dodged            |   106 |    95 |    53 ||   254

Table legend: (Time is in decaauts)
 A = Elapsed time spent in this place.
 B = Non-inter-level travel time spent in this place.
 C = Inter-level travel time spent in this place.
 D = Time resting spent in this place.
 E = Time spent auto-exploring this place.
 F = Levels seen in this place.
 G = Mean time per level.
                   A        B        C        D        E       F      G
               +--------+--------+--------+--------+--------+-----+--------+
         Total |   6066 |   5912 |    154 |   1987 |   3006 |   5 | 1213.2 |
       Dungeon |   6066 |   5912 |    154 |   1987 |   3006 |   5 | 1213.2 |
               +--------+--------+--------+--------+--------+-----+--------+

Top non-repeatable levels by time:
     D:3: 1828 daAuts
     D:4: 1274 daAuts
     D:2: 1129 daAuts
     D:1: 1060 daAuts
     D:5: 773 daAuts
